 Dungeon Crawl Stone Soup version 0.23.2-1-ga50397a6bc (webtiles) character file.

Game seed: 11271167768183215366

34896 tempor the Bewitcher (level 13, -14/66 HPs)
             Began as a Deep Elf Enchanter on May 8, 2019.
             Was a Believer of Uskayaw.
             Demolished by a death yak (24 damage)
             ... on level 6 of the Lair of Beasts.
             The game lasted 01:12:18 (18645 turns).

tempor the Bewitcher (Deep Elf Enchanter)          Turns: 18645, Time: 01:12:19

Health: -14/66     AC: 11    Str:  9    XL:     13   Next: 44%
Magic:  1/27       EV: 21    Int: 22    God:    Uskayaw [**....]
Gold:   440        SH:  6    Dex: 21    Spells: 15/28 levels left

rFire    . . .     SeeInvis +   a - +0 quick blade (elec)
rCold    . . .     Gourm    .   J - +0 buckler
rNeg     + + .     Faith    .   n - +1 troll leather armour
rPois    +         Spirit   .   F - +1 helmet {SInv}
rElec    .         Reflect  .   Q - +0 cloak "Zitush" {rPois MR+ rCorr Dex+4}
rCorr    +         Harm     .   D - +0 pair of gloves
MR       ++...                  r - +1 pair of boots {run}
Stlth    +++.......             b - amulet of magic regeneration
HPRegen  0.61/turn              G - ring of positive energy
MPRegen  0.45/turn              I - ring of positive energy

@: quick
A: agile 1, blink
a: Blink, Stomp, Line Pass, Renounce Religion


You were on level 6 of the Lair of Beasts.
You worshipped Uskayaw.
Uskayaw was aware of your devotion.
You were very hungry.

You visited 3 branches of the dungeon, and saw 16 of its levels.

You collected 1000 gold pieces.
You spent 560 gold pieces at shops.

Inventory:

Hand Weapons
 a - a +0 quick blade of electrocution (weapon)
 c - a +5 antimagic short sword
 i - a +0 rapier of freezing
 z - a +2 dagger of venom
Missiles
 C - 2 throwing nets (quivered)
Armour
 n - a +1 troll leather armour (worn)
 r - a +1 pair of boots of running (worn)
 D - a +0 pair of gloves (worn)
 F - a +1 helmet of see invisible (worn)
 J - a +0 buckler (worn)
 Q - the +0 cloak "Zitush" (worn) {rPois MR+ rCorr Dex+4}
   (You acquired it on level 4 of the Lair of Beasts)

   It affects your dexterity (+4).
   It protects you from poison.
   It affects your resistance to hostile enchantments.
   It provides partial protection from all sources of acid and corrosion.
 R - a +0 robe of fire resistance
Jewellery
 b - an amulet of magic regeneration (around neck)
 u - an uncursed amulet of rage
 G - a ring of positive energy (left hand)
 I - a ring of positive energy (right hand)
Wands
 e - a wand of acid (7)
 q - a wand of polymorph (10)
 t - a wand of flame (22)
 A - a wand of enslavement (6)
Scrolls
 f - 4 scrolls of fear {unknown}
 j - 2 scrolls of blinking
 k - 10 scrolls of remove curse
 x - 2 scrolls of teleportation
 y - 2 scrolls of magic mapping
 E - a scroll of identify
 K - a scroll of enchant armour
Potions
 d - 2 potions of resistance {unknown}
 g - 3 potions of brilliance {unknown}
 h - 9 potions of curing
 l - a potion of might
 m - 2 potions of cancellation {unknown}
 o - 3 potions of lignification
 s - 3 potions of haste
 v - a potion of flight
 H - 4 potions of agility
 M - 3 potions of heal wounds
 N - a potion of magic
 O - a potion of ambrosia {unknown}
Miscellaneous
 w - a crystal ball of energy
 L - a sack of spiders
Comestibles
 p - 4 chunks of flesh
 B - 28 rations


   Skills:
 - Level 2.0 Fighting
 - Level 10.0 Short Blades
 + Level 11.2 Dodging
 - Level 4.0 Stealth
 - Level 4.0 Shields
 - Level 8.0 Spellcasting
 * Level 17.6 Hexes
 + Level 10.5 Invocations
 + Level 1.8 Evocations


You had 15 spell levels left.
You knew the following spells:

 Your Spells              Type           Power        Failure   Level  Hunger
a - Corona                Hex            ######.      0%          1    None
b - Ensorcelled Hibernat  Hex/Ice        #####.       1%          2    None
c - Confuse               Hex            ######..     1%          3    None
d - Tukima's Dance        Hex            ######..     1%          3    None
e - Fulminant Prism       Conj/Hex       #####.....   2%          4    ###....

Your spell library contained the following spells:

 Spells                   Type           Power        Failure   Level  Hunger
 Dazzling Spray           Conj/Hex       #####.       1%          3    None
 Freeze                   Ice            #...         11%         1    None
 Magic Dart               Conj           #...         11%         1    None
 Searing Ray              Conj           #.....       16%         2    None
 Throw Frost              Conj/Ice       #.....       16%         2    None
 Ozocubu's Armour         Chrm/Ice       #.......     30%         3    None
 Force Lance              Conj/Tloc      #.......     71%         4    ###....
 Iskenderun's Mystic Bla  Conj           #.......     71%         4    ###....
 Summon Ice Beast         Ice/Summ       #.......     71%         4    ###....
 Throw Icicle             Conj/Ice       #.......     71%         4    ###....


Dungeon Overview and Level Annotations

Branches:
Dungeon (9/15)             Temple (1/1) D:5            Lair (6/6) D:8
  Swamp (0/4) Lair:4        Snake (0/4) Lair:3        Slime (0/5) Lair:5
    Orc (0/2) D:9

Altars:
Ashenzari
Cheibriados
Dithmenos
Elyvilon
Fedhas
Gozag
Hepliaklqana
Kikubaaqudgha
Makhleb
Nemelex Xobeh
Okawaru
Qazlal
Ru
Sif Muna
Trog
Uskayaw
Vehumet
Wu Jian
Xom
Yredelemnul
Zin
The Shining One
Beogh
Jiyva

Shops:
D:7 [   D:8 !*!


Innate Abilities, Weirdness & Mutations

You are agile. (Dex +2)
You can translocate small distances at will.


Message History

Unknown command.
You stomp with the beat, sending a shockwave through the revelers around you!
The death yak is moderately wounded.
The death yak is severely wounded. x2
The hippogriff is moderately wounded.
You feel somewhat more hungry. You block the death yak's attack.
The hippogriff misses you. The hippogriff closely misses you.
The hippogriff claws you. The death yak misses you.
Uskayaw will force your foes to helplessly watch your dance.
Unknown command.
The death yak gores you!! The death yak closely misses you.
A water moccasin comes into view.
You stomp with the beat, sending a shockwave through the revelers around you!
The death yak is almost dead. x2
You are feeling very hungry.
The death yak gores you!
* * * LOW HITPOINT WARNING * * *
The death yak gores you!!
You die...

#.....P................
##.......##P..PP.........
#.#...........P†††.......
#..#..P...P.....†.......
#..........P............
##.......PPPP...........
#.............H....(....
#..#P....##.YYY.###.....
#..PPP..#..P.@.#....#P..
#P......................
##.#.#P...............
#.....................
##.........PPPP.#.....
#........P..PP........
#..#.....P..P...S....
##..#..÷PP...........
#.P.).P........


You could see 3 death yaks, a hippogriff and a water moccasin (sleeping).

Vanquished Creatures
  The ghost of Veenygh the Arsonist, a journeyman DrFE of Vehumet (Lair:5)
  7 hydras
  A two-headed ogre (D:8)
  3 death yaks (Lair:5)
  Urug (Lair:1)
  The ghost of Ethylacetat the Ruffian, a novice NaTm of Cheibriados (D:8)
  Pikel (D:4)
  An elephant (D:8)
  4 black mambas
  7 spiny frogs
  8 komodo dragons
  A rime drake (Lair:4)
  A polar bear (Lair:3)
  3 trolls
  3 hornets (Lair:4)
  5 slime creatures
  5 blink frogs (Lair:5)
  Grinder (D:5)
  3 hippogriffs
  Sigmund (D:5)
  13 spriggans
  Eustachio (D:5)
  19 yaks
  5 basilisks
  A wyvern (Lair:6)
  3 vampire mosquitoes
  2 hungry ghosts (D:7)
  A naga (Lair:3)
  Duvessa (D:4)
  7 insubstantial wisps
  10 porcupines
  6 water moccasins
  A sky beast (D:5)
  2 orc warriors
  An ice beast (D:8)
  A black bear (D:8)
  2 slaves
  A necrophage (D:6)
  12 wolves
  3 boggarts (Lair:4)
  An ogre (D:7)
  7 centaurs
  16 crocodiles
  Blork the orc (D:5)
  6 bullfrogs
  Dowan (D:4)
  A wyvern skeleton (D:7)
  3 scorpions
  3 wights (D:6)
  3 howler monkeys
  A crimson imp (D:8)
  A centaur zombie (D:8)
  A bullfrog zombie (D:5)
  2 jellies (D:6)
  6 orc priests
  A centaur skeleton (D:5)
  A gnoll shaman (D:8)
  2 hounds
  3 orc wizards
  2 bullfrog skeletons (D:6)
  Natasha (thrice) (D:4)
  7 worker ants
  A killer bee zombie (D:7)
  3 worker ant zombies
  16 gnolls
  A howler monkey skeleton (D:4)
  7 adders
  A shadow imp (D:5)
  3 oozes
  2 adder skeletons
  7 dart slugs
  3 leopard geckos
  30 orcs
  8 giant cockroaches
  4 goblins
  8 hobgoblins
  6 jackals
  2 quokkas (D:8)
  2 ball pythons
  7 bats
  8 frilled lizards
  6 kobolds
  3 rats
  A fungus (Lair:3)
  A plant (Lair:3)
352 creatures vanquished.

Vanquished Creatures (collateral kills)
  A dancing weapon (Lair:5)
  A yak (Lair:2)
2 creatures vanquished.

Vanquished Creatures (others)
  5 fulminant prisms
  6 fungi
  2 plants
13 creatures vanquished.

Grand Total: 367 creatures vanquished

Notes
Turn   | Place    | Note
-------+----------+-------------------------------------------
     0 | D:1      | tempor the Deep Elf Enchanter began the quest for the Orb.
     0 | D:1      | Reached XP level 1. HP: 10/10 MP: 6/6
   464 | D:1      | Reached XP level 2. HP: 5/15 MP: 6/8
   468 | D:1      | Learned a level 2 spell: Ensorcelled Hibernation
  1470 | D:1      | Reached XP level 3. HP: 19/19 MP: 9/9
  1698 | D:2      | Reached skill level 5 in Hexes
  2025 | D:2      | Learned a level 3 spell: Confuse
  2121 | D:2      | Reached XP level 4. HP: 17/24 MP: 10/10
  2661 | D:2      | Learned a level 3 spell: Tukima's Dance
  2943 | D:4      | Noticed Pikel
  2943 | D:4      | Noticed a slave
  2943 | D:4      | Noticed a slave
  2943 | D:4      | Noticed a slave
  2943 | D:4      | Noticed a slave
  3006 | D:4      | Noticed Natasha
  3086 | D:3      | Killed a slave
  3094 | D:3      | Found a hide-covered altar of Uskayaw.
  3304 | D:3      | Became a worshipper of Uskayaw the Reveler
  3396 | D:3      | Reached XP level 5. HP: 17/28 MP: 6/11
  3399 | D:3      | Reached * piety under Uskayaw
  4079 | D:3      | You fall through a shaft!
  4100 | D:4      | Killed Natasha
  4100 | D:4      | Reached skill level 6 in Hexes
  4100 | D:4      | Reached ** piety under Uskayaw
  4397 | D:4      | Noticed Natasha
  4410 | D:4      | Killed Natasha
  4410 | D:4      | Reached skill level 1 in Invocations
  4494 | D:4      | Noticed Duvessa
  4494 | D:4      | Noticed Dowan
  4541 | D:4      | Killed a slave
  4555 | D:4      | Noticed Natasha
  4858 | D:4      | Killed Duvessa
  4858 | D:4      | Reached XP level 6. HP: 15/32 MP: 5/12
  4876 | D:4      | Killed Dowan
  4894 | D:4      | HP: 1/32 [Natasha (5)]
  4900 | D:4      | Killed Natasha
  5017 | D:4      | Killed Pikel
  5017 | D:4      | Reached skill level 5 in Short Blades
  5017 | D:4      | Reached skill level 5 in Dodging
  5017 | D:4      | Reached skill level 8 in Hexes
  5017 | D:4      | Reached XP level 7. HP: 31/36 MP: 2/13
  5142 | D:4      | Reached *** piety under Uskayaw
  5263 | D:4      | Reached XP level 8. HP: 40/41 MP: 14/14
  5329 | D:4      | Found a deep blue altar of Sif Muna.
  5331 | D:4      | Found a basalt altar of Yredelemnul.
  5332 | D:4      | Found an ancient bone altar of Kikubaaqudgha.
  5332 | D:4      | Found a sparkling altar of Nemelex Xobeh.
  5371 | D:5      | Entered Level 5 of the Dungeon
  5411 | D:5      | Noticed Sigmund
  5416 | D:5      | Found a staircase to the Ecumenical Temple.
  5417 | D:5      | Killed Sigmund
  5625 | D:5      | Noticed Grinder
  5641 | D:5      | Killed Grinder
  5641 | D:5      | Reached skill level 9 in Hexes
  5823 | D:5      | Noticed Eustachio
  5840 | D:5      | Killed Eustachio
  6179 | D:5      | Noticed Blork the orc
  6196 | D:5      | Killed Blork the orc
  6584 | D:6      | Reached skill level 10 in Hexes
  6584 | D:6      | Reached XP level 9. HP: 45/45 MP: 17/17
  6781 | D:6      | Reached skill level 5 in Spellcasting
  7475 | D:7      | Found a glowing silver altar of Zin.
  8343 | D:7      | Found Beuz's Armour Shoppe.
  8533 | D:7      | Found a shimmering altar of Xom.
  8534 | D:7      | Found a shimmering altar of Xom.
  8535 | D:7      | Found a shimmering altar of Xom.
  8535 | D:7      | Found a shimmering altar of Xom.
  8659 | D:7      | Found a shimmering altar of Xom.
  8784 | D:7      | Noticed a troll
  8809 | D:7      | Killed a troll
  9134 | D:8      | Found Obawkueho's General Store.
  9144 | D:8      | Bought a potion of degeneration for 13 gold pieces
  9162 | D:8      | Got a polished hunting sling
  9163 | D:8      | Identified the +8 hunting sling "Janabluka" {venom, -Tele
                  | rPois Int+4} (You found it on level 8 of the Dungeon)
  9790 | Temple   | Entered the Ecumenical Temple
 10047 | D:8      | Found a staircase to the Lair.
 10047 | D:8      | Noticed an elephant
 10073 | D:8      | Reached skill level 11 in Hexes
 10073 | D:8      | Reached skill level 5 in Invocations
 10076 | D:8      | Reached **** piety under Uskayaw
 10079 | D:8      | Killed an elephant
 10079 | D:8      | Reached XP level 10. HP: 43/50 MP: 14/24
 10253 | D:8      | Found a runed translucent gate.
 10257 | D:8      | Found a runed translucent gate.
 10258 | D:8      | Found a runed translucent gate.
 10258 | D:8      | Noticed Ethylacetat's ghost (novice NaTm)
 10274 | D:8      | Identified the +3 chain mail "Kekerph" {rF- rC+ Str+3
                  | Dex+3}
 10333 | D:8      | Found Nuofupp's Distillery.
 10395 | D:8      | Found Gucirr's Distillery.
 10548 | D:8      | Noticed a two-headed ogre
 10553 | D:8      | Killed a two-headed ogre
 10747 | D:8      | Reached skill level 12 in Hexes
 11073 | D:8      | Found a roughly hewn altar of Beogh.
 11104 | D:8      | Killed Ethylacetat's ghost
 11294 | D:8      | Gained mutation: You can translocate small distances at
                  | will. [potion of mutation]
 11294 | D:8      | Gained mutation: You are agile. (Dex +2) [potion of
                  | mutation]
 12146 | D:9      | Found a staircase to the Orcish Mines.
 12362 | D:9      | Reached skill level 13 in Hexes
 12593 | Lair:1   | Entered Level 1 of the Lair of Beasts
 12593 | Lair:1   | Noticed a black mamba
 12606 | Lair:1   | Reached XP level 11. HP: 54/54 MP: 19/25
 13001 | Lair:1   | Noticed Urug
 13050 | Lair:1   | Killed Urug
 13608 | Lair:2   | Reached skill level 14 in Hexes
 13743 | Lair:2   | Learned a level 4 spell: Fulminant Prism
 13757 | Lair:2   | Noticed a six-headed hydra
 13777 | Lair:2   | Killed a six-headed hydra
 13842 | Lair:2   | You fall through a shaft!
 14410 | D:7      | Bought a +1 pair of boots of running for 547 gold pieces
 15280 | Lair:3   | Reached skill level 15 in Hexes
 15280 | Lair:3   | Reached XP level 12. HP: 58/59 MP: 17/26
 15283 | Lair:3   | Reached skill level 10 in Dodging
 15371 | Lair:3   | Found a staircase to the Snake Pit.
 15402 | Lair:3   | Reached ***** piety under Uskayaw
 15555 | Lair:3   | Noticed a five-headed hydra
 15567 | Lair:3   | Killed a five-headed hydra
 15567 | Lair:3   | Reached skill level 10 in Short Blades
 15893 | Lair:4   | Reached skill level 1 in Shields
 16064 | Lair:4   | Noticed a six-headed hydra
 16074 | Lair:4   | Killed a six-headed hydra
 16162 | Lair:4   | Identified a scroll of acquirement
 16163 | Lair:4   | Got a crude cloak
 16169 | Lair:4   | Identified the +0 cloak "Zitush" {rPois MR+ rCorr Dex+4}
                  | (You acquired it on level 4 of the Lair of Beasts)
 16192 | Lair:4   | Noticed a four-headed hydra
 16207 | Lair:4   | Reached skill level 16 in Hexes
 16214 | Lair:4   | Killed a four-headed hydra
 16549 | Lair:4   | Found a staircase to the Swamp.
 16788 | Lair:4   | Noticed a six-headed hydra
 16801 | Lair:4   | Killed a six-headed hydra
 16801 | Lair:4   | Reached skill level 1 in Fighting
 17012 | Lair:5   | Noticed a five-headed hydra
 17057 | Lair:5   | Killed a five-headed hydra
 17167 | Lair:5   | Reached XP level 13. HP: 65/66 MP: 14/27
 17408 | Lair:5   | Found a viscous altar of Jiyva.
 17436 | Lair:5   | Found a staircase to the Slime Pits.
 17448 | Lair:5   | Reached skill level 10 in Invocations
 17744 | Lair:5   | Found a runed translucent door.
 17745 | Lair:5   | Found a shimmering altar of Xom.
 17745 | Lair:5   | Noticed Veenygh's ghost (journeyman DrFE)
 17756 | Lair:5   | Reached skill level 17 in Hexes
 17846 | Lair:5   | Killed Veenygh's ghost
 18437 | Lair:6   | Entered Level 6 of the Lair of Beasts
 18527 | Lair:6   | Reached skill level 1 in Evocations
 18645 | Lair:6   | Demolished by a death yak

Skill      XL: |  1  2  3  4  5  6  7  8  9 10 11 12 13 |
---------------+----------------------------------------+-----
Stealth        | 4 |  4.0
Dodging        | 3 4 5 6 8 9 10 11 | 11.2
Short Blades   | 2 3 5 6 7 8 9 10 | 10.0
Hexes          | 5 6 8 10 11 13 15 16 17 | 17.6
Invocations    | 1 2 3 4 5 6 8 9 10 | 10.5
Spellcasting   | 4 8 |  8.0
Shields        | 4 |  4.0
Fighting       | 1 2 |  2.0
Evocations     | 1 |  1.8

Action                   |  1- 3 |  4- 6 |  7- 9 | 10-12 | 13-15 || total
-------------------------+-------+-------+-------+-------+-------++-------
Melee: Dagger            |   131 |    91 |   300 |   310 |       ||   832
       Short sword       |       |     8 |       |    36 |    25 ||    69
       Quick blade       |       |       |       |   239 |   117 ||   356
 Cast: Corona            |     6 |       |       |       |       ||     6
       Ensorcelled Hiber |    21 |    27 |    23 |    53 |    26 ||   150
       Confuse           |       |    12 |    36 |   105 |    26 ||   179
       Fulminant Prism   |       |       |       |     1 |     4 ||     5
Invok: Line Pass         |       |       |     1 |     4 |       ||     5
       Stomp             |       |       |       |     1 |     5 ||     6
 Abil: Blink             |       |       |       |     2 |       ||     2
       Evoke Berserk Rag |       |       |       |     2 |     1 ||     3
Evoke: Wand              |       |       |       |     4 |     2 ||     6
  Use: Potion            |     1 |     2 |       |     4 |       ||     7
       Scroll            |       |     6 |     4 |     7 |     2 ||    19
 Stab: Sleeping          |    19 |    20 |    29 |    38 |    16 ||   122
       Distracted        |     1 |       |       |     3 |       ||     4
       Confused          |       |     9 |    34 |    68 |    18 ||   129
       Paralysed         |       |       |     3 |    18 |     6 ||    27
  Eat: Chunk             |     5 |     9 |    16 |    24 |     5 ||    59
       Ration            |       |       |     2 |       |       ||     2
Armor: Robe              |    21 |    17 |    18 |       |       ||    56
       Troll leather arm |       |       |       |    53 |    12 ||    65
Dodge: Dodged            |    74 |    71 |   140 |   255 |    68 ||   608
Block: Buckler           |       |       |       |    14 |    28 ||    42
